 Dungeon Crawl Stone Soup version 0.28.0-62-gf88900778d (webtiles) character file.

Game seed: 5984170694976617706

527 cbfl8 the Chopper (level 7, -9/61 HPs)
             Began as a Minotaur Berserker on Apr 28, 2023.
             Was a Priest of Trog.
             Mangled by an orc warrior
             ... wielding a +0 trident
              (11 damage)
             ... on level 4 of the Dungeon.
             The game lasted 00:03:02 (3556 turns).

cbfl8 the Chopper (Minotaur Berserker)              Turns: 3556, Time: 00:03:02

Health: -9/61      AC: 11    Str: 22    XL:     7   Next: 2%
Magic:  6/6        EV:  7    Int:  4    God:    Trog [***...]
Gold:   160        SH:  0    Dex: 11    Spells: 6/6 levels left

rFire   . . .      SeeInvis .   j - +0 war axe
rCold   . . .      Faith    .   (no shield)
rNeg    . . .      Spirit   .   k - +0 plate armour
rPois   .          Reflect  .   (helmet restricted)
rElec   .          Harm     .   (no cloak)
rCorr   .          Rampage  .   (no gloves)
Will    .....                   (no boots)
Stlth   ..........              (no amulet)
HPRegen 0.20/turn               (no ring)
MPRegen 0.10/turn               (no ring)

@: on berserk cooldown, slowed, very slow
A: horns 2, retaliatory headbutt
a: Renounce Religion, Berserk, Trog's Hand


You were on level 4 of the Dungeon.
You worshipped Trog.
Trog was most pleased with you.
You visited 1 branch of the dungeon, and saw 4 of its levels.

You collected 160 gold pieces.

Inventory:

Hand Weapons
 j - a +0 war axe (weapon)
Armour
 k - a +0 plate armour (worn)
Scrolls
 c - a scroll of teleportation {unknown}
 d - 3 scrolls of vulnerability {unknown}
 f - a scroll of summoning {unknown}
 i - 5 scrolls of identify {unknown}
Potions
 a - a potion of mutation {unknown}
 b - a potion of degeneration {unknown}
 e - a potion of curing {unknown}
 g - a potion of berserk rage {unknown}
 h - a potion of brilliance {unknown}


   Skills:
 * Level 5.2 Fighting
 * Level 6.9 Axes
 * Level 4.0 Armour
 * Level 3.4 Dodging
 + Level 1.0 Stealth
 * Level 1.7 Evocations


You had 6 spell levels left.
You didn't know any spells.
Your spell library was empty.

Dungeon Overview and Level Annotations

Branches:
Dungeon (4/15)
 Temple: D:4-7

Altars:
Trog
Zin

Shops:
D:3 **[:


Innate Abilities, Weirdness & Mutations

You have a pair of horns on your head.
You reflexively headbutt those who attack you in melee.


Message History

* * * LOW HITPOINT WARNING * * *
Things that are here:
a +0 club; a hobgoblin corpse You slash the orc wizard!
The orc wizard is almost dead.
The orc warrior hits you from afar with a +0 trident!
* * * LOW HITPOINT WARNING * * *
You closely miss the orc wizard. Your headbutt misses the orc wizard.
The orc wizard is almost dead.
The orc wizard barely misses you.
You barely miss the orc wizard. Your headbutt misses the orc wizard.
The orc wizard is almost dead.
The orc warrior hits you but does no damage.
The orc wizard hits you with a +0 dagger.
* * * LOW HITPOINT WARNING * * *
You hit the orc wizard.
You kill the orc wizard!
Trog accepts your kill.
Trog appreciates your killing of a magic user.
The orc warrior hits you from afar with a +0 trident.
* * * LOW HITPOINT WARNING * * *
Your Armour skill increases to level 4!
You have reached level 7!
Things that are here:
a +0 dagger; a +0 leather armour; an orc corpse You feel a strong urge to attack something.
An orc comes into view. It is wielding a +0 dagger.
You are no longer berserk.
You are exhausted.
You feel yourself slow down.
Things that are here:
a +0 whip of flaming; a +0 ring mail; an orc corpse The orc warrior closely misses you.
The orc warrior closely misses you.
The orc warrior hits you from afar with a +0 trident.
* * * LOW HITPOINT WARNING * * *
There is a stone staircase leading down here.
The orc warrior barely misses you.
The orc warrior hits you from afar with a +0 trident!
You die...

#.........#.#
########.###.#.#
.........# #.#.#
########## #.#.#
#.#.# #######.#.#
..........#
.###############.###
........oo.@.......#
..#####.###.###.##.#
#.#..........#
#o#.#.#...####
#)#.#.#.#.#
#.#.....#.#
#)#.#.########
#)#.#.........
#)############


You could see an orc warrior and an orc.

Vanquished Creatures
  Grinder (D:3)
  A bullfrog skeleton (D:4)
  4 orc priests
  An orc wizard (D:4)
  Robin (D:3)
  3 adders
  3 worms
  A dart slug (D:3)
  18 orcs
  5 endoplasms
  5 giant cockroaches
  19 goblins
  9 hobgoblins
  3 jackals (D:3)
  4 kobolds
  2 quokkas
  5 ball pythons
  7 bats
  2 frilled lizards
  7 rats
101 creatures vanquished.

Notes
Turn   | Place    | Note
-------+----------+-------------------------------------------
     0 | D:1      | cbfl8 the Minotaur Berserker began the quest for the Orb.
     0 | D:1      | Reached XP level 1. HP: 19/19 MP: 0/0
   204 | D:1      | Reached skill level 4 in Axes
   205 | D:1      | Reached XP level 2. HP: 16/27 MP: 1/1
   557 | D:1      | Found a faded altar of an unknown god.
  1051 | D:2      | Reached XP level 3. HP: 29/33 MP: 2/2
  1187 | D:2      | Reached ** piety under Trog
  1719 | D:2      | Reached XP level 4. HP: 41/41 MP: 3/3
  1826 | D:3      | Noticed Grinder
  1835 | D:3      | Killed Grinder
  1836 | D:3      | Reached skill level 6 in Axes
  1836 | D:3      | Reached skill level 1 in Stealth
  1836 | D:3      | Reached skill level 1 in Evocations
  1836 | D:3      | Reached XP level 5. HP: 47/47 MP: 4/4
  1838 | D:3      | Reached XP level 6. HP: 55/55 MP: 5/5
  1948 | D:3      | Noticed Robin
  1958 | D:3      | Killed Robin
  2217 | D:3      | Found Tasch's Assorted Antiques.
  2231 | D:3      | Found Redebizo's General Store.
  2279 | D:3      | Found a bloodstained altar of Trog.
  2432 | D:3      | Found a glowing silver altar of Zin.
  2714 | D:3      | Found Soke's Armour Shoppe.
  2877 | D:3      | Reached *** piety under Trog
  2948 | D:3      | Found Qimuisez's Book Shoppe.
  3018 | D:3      | Reached skill level 5 in Fighting
  3540 | D:4      | Noticed an orc warrior
  3546 | D:4      | Reached XP level 7. HP: 6/61 MP: 6/6
  3555 | D:4      | HP: 1/61 [orc warrior/+0 trident (5)]
  3556 | D:4      | Mangled by an orc warrior

Illustrated notes

Levels and vault maps discovered:
D:1:      evilmike_arrival_rings, layout_loops_ring,
          shapermc_ecumenical_altar_ellora
D:2:      layout_loops_ring, minmay_tetromino_o4
D:3:      layout_loops_corners, zin_treasury, mainiacjoe_overflow_paths,
          serial_shops, shop_statue, shop, shop, nicolae_shop_statue_plus,
          minmay_close_crescents, uniq_robin, uniq_grinder
D:4:      layout_basic, mainiacjoe_overflow_alcove_4,
          minmay_temple_entry_statues_pillars, uniq_pargi

Skill      XL: |  1  2  3  4  5  6 |
---------------+-------------------+-----
Axes           | 4 6 |  6.9
Fighting       | 4 5 |  5.2
Armour         | 3 4 |  4.0
Dodging        | 3 |  3.4
Stealth        | 1 |  1.0
Evocations     | 1 |  1.7

Action                   |  1- 3 |  4- 6 |  7- 9 || total
-------------------------+-------+-------+-------++-------
Melee: Hand axe          |   100 |    40 |       ||   140
       Headbutt          |    10 |    11 |       ||    21
       War axe           |       |    72 |       ||    72
       Punch             |       |     2 |       ||     2
Invok: Berserk           |       |     3 |       ||     3
 Stab: Sleeping          |     2 |       |       ||     2
Armor: Animal skin       |    22 |       |       ||    22
       Plate armour      |    11 |    76 |       ||    87
Dodge: Dodged            |    56 |    32 |     3 ||    91
